 Dungeon Crawl Stone Soup version 0.30-a0-702-gdf48620a09 (webtiles) character file.

Game seed: 11643690295605244077

1976257 jfcaron the Imperceptible (level 27, 183/226 HPs)
             Began as a Gnoll Air Elementalist on Jan 15, 2023.
             Was a High Priest of Cheibriados.
             Escaped with the Orb
             ... and 4 runes on Jan 22, 2023!
             The game lasted 06:10:24 (97743 turns).

jfcaron the Imperceptible (Gnoll Air Elementalist) Turns: 97743, Time: 06:10:25

Health: 183/226    AC: 22    Str: 28      XL:     27
Magic:  66/66      EV: 33    Int: 49 (58) God:    Cheibriados [*****.]
Gold:   5672       SH: 23    Dex: 27 (28) Spells: 5/68 levels left

rFire   . . .      SeeInvis +    C - +7 morningstar of Change {heavy, rC- rCorr Str+4 Int+7}
rCold   . . .      Faith    .    Y - +5 kite shield {AC+3}
rNeg    + . .      Spirit   .    H - +2 robe {Archmagi}
rPois   +          Reflect  .    f - +2 helmet
rElec   +          Harm     .    K - +0 cloak of Siochiggo {rC+ Will+ Int+4}
rCorr   +          Rampage  .    d - +2 pair of gloves
Will    +++++      Archmagi +    E - +2 pair of boots
Stlth   ++++       Clarity  +    X - amulet of the Four Winds {rN+ Will+++ Clar}
HPRegen 0.57/turn                x - ring "Navibuann" {*Corrode rElec rPois MP+9 Int+8}
MPRegen 0.40/turn                h - ring "Nukux" {MP+9 SInv}

@: studying 6 skills, very slow
A: fangs 1, strong nose, distributed training
0: Orb of Zot
}: 4/15 runes: serpentine, barnacled, slimy, silver
a: Renounce Religion, Bend Time, Temporal Distortion, Slouch, Step From Time


You escaped.
You worshipped Cheibriados.
Cheibriados was extremely pleased with you.
You visited 13 branches of the dungeon, and saw 57 of its levels.
You visited the Abyss 2 times.
You also visited: Ossuary, Bailey, Gauntlet, Ice Cave, Volcano and Wizlab.

You collected 7344 gold pieces.
You spent 1672 gold pieces at shops.

Inventory:

Hand Weapons
 l - the +9 staff of Wucad Mu {*channel}
   (You took it off a deep elf annihilator on level 3 of the Elven Halls)

   *Channel:  It occasionally powers its wielder's spells, but with a chance of
   causing confusion or draining the wielder's intelligence.
   It becomes more likely to activate and less likely to backfire with increased
   Evocations skill.
 n - the +7 trident "Furha" {flame, rF+ Str+3}
   (You bought it in a shop on level 10 of the Dungeon)

   Str:       It affects your strength (+3).
   rF:        It protects you from fire.
 C - the +7 morningstar of Change (weapon) {heavy, rC- rCorr Str+4 Int+7}
   (You took it off a deep elf demonologist on level 3 of the Elven Halls)

   Str:       It affects your strength (+4).
   Int:       It affects your intelligence (+7).
   rC:        It makes you vulnerable to cold.
   rCorr:     It protects you from acid and corrosion.
Missiles
 p - 12 curare-tipped darts {!f}
 y - 9 boomerangs of dispersal {!f}
 I - 10 throwing nets {!f}
 P - 9 silver javelins {!f}
 S - 10 javelins
Armour
 d - a +2 pair of gloves (worn)
 f - a +2 helmet (worn)
 E - a +2 pair of boots (worn)
 H - a +2 robe of the Archmagi (worn)
   (You took it off a naga ritualist on level 4 of the Snake Pit)
 K - the +0 cloak of Siochiggo (worn) {rC+ Will+ Int+4}
   (You acquired it on level 11 of the Dungeon)

   Int:       It affects your intelligence (+4).
   rC:        It protects you from cold.
   Will:      It increases your willpower.
 Y - a +5 kite shield of protection (worn)
   (You took it off a naga warrior on level 2 of the Snake Pit)
Jewellery
 h - the ring "Nukux" (right hand) {MP+9 SInv}
   (You took it off a deep elf archer on level 3 of the Elven Halls)

   [ring of see invisible]

   MP:        It affects your magic capacity (+9).
   SInv:      It lets you see invisible.
 x - the ring "Navibuann" (left hand) {*Corrode rElec rPois MP+9 Int+8}
   (You found it on level 4 of the Vaults)

   [ring of magical power]

   Int:       It affects your intelligence (+8).
   rElec:     It insulates you from electricity.
   rPois:     It protects you from poison.
   MP:        It affects your magic capacity (+9).
   *Corrode:  It may corrode you when you take damage.
 L - the amulet "Xyan Sacw" {rF+ Regen+ Dex+3}
   (You found it on level 5 of the Pits of Slime)

   [amulet of regeneration]

   Dex:       It affects your dexterity (+3).
   rF:        It protects you from fire.
   Regen:     It increases your rate of health regeneration.
 X - the amulet of the Four Winds (around neck) {rN+ Will+++ Clar}
   (You found it on level 5 of the Pits of Slime)

   [amulet of nothing]

   rN:        It protects you from negative energy.
   Clar:      It protects you against confusion.
   Will:      It greatly increases your willpower.
Wands
 g - a wand of paralysis (36)
   (You found it on level 3 of the Lair of Beasts)
 w - a wand of quicksilver (19)
   (You found it on level 5 of the Dungeon)
 N - a wand of mindburst (21)
   (You took it off an orc on level 8 of the Dungeon)
 Q - a wand of iceblast (12)
   (You took it off Maggie on level 6 of the Dungeon)
 Z - a wand of digging (7)
   (You found it in a Gauntlet)
Scrolls
 a - a scroll of magic mapping
 j - 13 scrolls of fear
 k - 27 scrolls of teleportation
 r - 2 scrolls of butterflies
 D - 9 scrolls of fog
 F - 10 scrolls of poison
 J - 14 scrolls of blinking
 V - 4 scrolls of silence
 W - 13 scrolls of vulnerability
Potions
 b - 10 potions of magic
 c - 5 potions of invisibility
 e - 17 potions of curing
 o - 13 potions of flight
 s - 11 potions of heal wounds
 t - 4 potions of ambrosia
 u - 5 potions of cancellation
 v - 5 potions of resistance
 z - 5 potions of lignification
 A - 15 potions of haste
 G - 13 potions of mutation
 M - 9 potions of might
 O - 6 potions of brilliance
Miscellaneous
 i - the horn of Geryon (inert)
   (You took it off Geryon in the Vestibule of Hell)
 m - a tin of tremorstones (2/2)
   (You found it on level 3 of the Elven Halls)
 q - a lightning rod (4/4)
   (You found it on level 3 of the Elven Halls)
 B - a box of beasts (inert)
   (You found it on level 4 of the Snake Pit)
 R - a phantom mirror
   (You found it on level 5 of the Vaults)
 T - a condenser vane
   (You found it on level 13 of the Dungeon)
 U - a phial of floods
   (You found it on level 10 of the Dungeon)


   Skills:
 + Level 20.6 Fighting
 + Level 22.2 Short Blades
 + Level 23.2 Long Blades
 + Level 20.6 Axes
 + Level 20.6 Maces & Flails
 + Level 20.6 Polearms
 + Level 20.6 Staves
 + Level 20.6 Ranged Weapons
 + Level 22.5 Throwing
 + Level 20.6 Armour
 + Level 21.0 Dodging
 + Level 26.0 Stealth
 + Level 20.6 Shields
 + Level 20.6 Unarmed Combat
 + Level 21.1 Spellcasting
 + Level 17.7 Conjurations
 + Level 17.6 Hexes
 + Level 17.6 Summonings
 + Level 17.6 Necromancy
 + Level 17.6 Translocations
 + Level 17.6 Transmutations
 + Level 17.6 Fire Magic
 + Level 22.7 Ice Magic
 + Level 18.3 Air Magic
 + Level 17.6 Earth Magic
 + Level 17.6 Poison Magic
 + Level 22.2 Invocations
 + Level 22.5 Evocations


You had 5 spell levels left.
You knew the following spells:

 Your Spells              Type           Power      Damage    Failure   Level
a - Iron Shot             Conj/Erth      73%        9d13      1%          6
b - Statue Form           Tmut/Erth      98%        N/A       1%          6
c - Polar Vortex          Ice            80%        N/A       3%          9
d - Airstrike             Air            74%        2d(11-27) 0%          4
e - Olgreb's Toxic Radia  Pois           100%       N/A       0%          4
f - Ignition              Fire           73%        3d19      1%          8
j - Tukima's Dance        Hex            100%       N/A       0%          3
k - Blink                 Tloc           100%       N/A       0%          2
l - Freezing Cloud        Conj/Ice/Air   76%        6-21      0%          5
m - Yara's Violent Unrav  Hex/Tmut       73%        3d27      0%          5
n - Dispel Undead         Necr           100%       3d31      0%          4
o - Passwall              Tmut/Erth      100%       N/A       0%          2
p - Borgnjor's Vile Clut  Necr/Erth      73%        N/A       0%          5

Your spell library contained the following spells:

 Spells                   Type           Power      Damage    Failure   Level
 Kiss of Death            Conj/Necr      100%       2d13      0%          1
 Magic Dart               Conj           100%       1d8       0%          1
 Necrotise                Necr           100%       1d9       0%          1
 Sandblast                Erth           100%       2d20      0%          1
 Shock                    Conj/Air       100%       1d9       0%          1
 Slow                     Hex            100%       N/A       0%          1
 Sting                    Tmut/Pois      100%       1d8       0%          1
 Summon Small Mammal      Summ           100%       N/A       0%          1
 Call Imp                 Summ           100%       N/A       0%          2
 Cigotuvi's Dreadful Rot  Necr/Pois/Air  100%       N/A       0%          2
 Ensorcelled Hibernation  Hex/Ice        100%       N/A       0%          2
 Lesser Beckoning         Tloc           100%       N/A       0%          2
 Momentum Strike          Conj/Tloc      100%       3d10      0%          2
 Static Discharge         Conj/Air       100%       2-7/arc   0%          2
 Sublimation of Blood     Necr           100%       N/A       0%          2
 Wereblood                Tmut           100%       N/A       0%          2
 Call Canine Familiar     Summ           100%       N/A       0%          3
 Confusing Touch          Hex            100%       N/A       0%          3
 Ignite Poison            Fire/Tmut/Pois 100%       N/A       0%          3
 Inner Flame              Hex/Fire       100%       N/A       0%          3
 Kindle Blastsparks       Fire/Tloc/Air  100%       2d18      0%          3
 Mephitic Cloud           Conj/Pois/Air  100%       N/A       0%          3
 Ozocubu's Armour         Ice            100%       N/A       0%          3
 Portal Projectile        Hex/Tloc       100%       N/A       0%          3
 Spider Form              Tmut/Pois      100%       N/A       0%          3
 Stone Arrow              Conj/Erth      100%       3d13      0%          3
 Summon Guardian Golem    Hex/Summ       100%       N/A       0%          3
 Swiftness                Air            100%       N/A       0%          3
 Vampiric Draining        Necr           100%       2d13      0%          3
 Anguish                  Hex/Necr       73%        N/A       0%          4
 Animate Armour           Summ/Erth      100%       N/A       0%          4
 Animate Dead             Necr           100%       N/A       0%          4
 Cause Fear               Hex            73%        N/A       0%          4
 Fulminant Prism          Conj/Hex       73%        3d29      0%          4
 Ice Form                 Ice/Tmut       100%       N/A       0%          4
 Iskenderun's Mystic Bla  Conj/Tloc      100%       2d19      0%          4
 Passage of Golubria      Tloc           100%       N/A       0%          4
 Summon Ice Beast         Ice/Summ       100%       N/A       0%          4
 Agony                    Necr           100%       N/A       0%          5
 Blade Hands              Tmut           73%        N/A       0%          5
 Fireball                 Conj/Fire      73%        3d27      0%          5
 Iskenderun's Battlesphe  Conj           100%       2d15      0%          5
 Metabolic Englaciation   Hex/Ice        77%        N/A       0%          5
 Summon Mana Viper        Hex/Summ       100%       N/A       0%          5
 Simulacrum               Ice/Necr       77%        N/A       0%          6
 Death Channel            Necr           73%        N/A       1%          6
 Eringya's Noxious Bog    Tmut/Pois      73%        N/A       1%          6
 Starburst                Conj/Fire      73%        6d19      1%          6
 Summon Cactus Giant      Summ           73%        N/A       1%          6
 Dragon Form              Tmut           73%        N/A       1%          7
 Haunt                    Necr/Summ      73%        N/A       1%          7
 Ozocubu's Refrigeration  Ice            80%        4d25      1%          7
 Spellforged Servitor     Conj/Summ      73%        N/A       1%          7
 Storm Form               Tmut/Air       74%        N/A       1%          7
 Summon Hydra             Summ           73%        N/A       1%          7
 Discord                  Hex            73%        N/A       1%          8
 Lehudib's Crystal Spear  Conj/Erth      73%        10d17     1%          8
 Necromutation            Tmut/Necr      73%        N/A       1%          8
 Death's Door             Necr           73%        N/A       28%         9
 Dragon's Call            Summ           73%        N/A       28%         9


Dungeon Overview and Level Annotations

Branches:
Dungeon (15/15)            Temple (1/1) D:5            Lair (5/5) D:10
 Shoals (4/4) Lair:2        Snake (4/4) Lair:3        Slime (5/5) Lair:4
    Orc (2/2) D:10            Elf (3/3) Orc:2        Vaults (5/5) D:14
  Crypt (3/3) Vaults:3       Tomb (0/3) Crypt:3      Depths (4/4) D:15
   Hell (visited)             Dis (0/7) Hell            Geh (0/7) Hell
    Coc (0/7) Hell            Tar (0/7) Hell            Zot (5/5) Depths:4
Ossuary (visited)          Bailey (visited)           IceCv (visited)
Volcano (visited)          WizLab (visited)         Gauntlet (visited)

Altars:
Ashenzari
Cheibriados
Dithmenos
Elyvilon
Fedhas
Gozag
Hepliaklqana
Kikubaaqudgha
Makhleb
Nemelex Xobeh
Okawaru
Qazlal
Ru
Sif Muna
Trog
Uskayaw
Vehumet
Wu Jian
Xom
Yredelemnul
Zin
The Shining One
Jiyva

Shops:
D:10 (*([(   D:14 (   Orc:2 [::?   Snake:1 (   Snake:2 [   Snake:3 ![?
Vaults:2 =:   Vaults:5 *   Depths:4 ([

Portals:
Hell: Lair:5 Depths:1 Depths:2 Depths:3 Depths:4
Abyss: Depths:2 Depths:3 Depths:4
Pandemonium: Depths:2
Ziggurat: Depths:4


Innate Abilities, Weirdness & Mutations

You have very sharp teeth.
Your uncanny sense of smell can sniff out nearby items.
Your experience applies equally to all skills.


Message History

The Orb Guardian holds its ground!
The Orb Guardian dies!
Cheibriados thoroughly appreciates the change of pace.
Your Stealth skill increases to level 26!
A Hell Sentinel comes into view.
There is a staircase leading out of the dungeon here.
As you read the scroll of butterflies, it crumbles to dust.
You hear the flapping of tiny wings.
Your primal fireox beast is knocked back by the sudden gust.
Okay, then.
Unknown command.
As you read the scroll of butterflies, it crumbles to dust.
You hear the flapping of tiny wings.
Your butterfly is knocked back by the sudden gust. x21
The Hell Sentinel closely misses your butterfly.
The Hell Sentinel hits your butterfly!!
Your butterfly dies!
Your butterfly disappears in a burst of colours!
As you read the scroll of butterflies, it crumbles to dust.
You hear the flapping of tiny wings.
Your butterfly is knocked back by the sudden gust. x24
As you read the scroll of butterflies, it crumbles to dust.
You hear the flapping of tiny wings.
Your butterfly is knocked back by the sudden gust.
Your primal fireox beast is knocked back by the sudden gust.
Your butterfly is knocked back by the sudden gust. x22
The Hell Sentinel hits your butterfly!
Your butterfly dies!
Your butterfly disappears in a burst of colours!
As you read the scroll of butterflies, it crumbles to dust.
You hear the flapping of tiny wings.
Your butterfly is knocked back by the sudden gust.
Your primal fireox beast is knocked back by the sudden gust.
Your butterfly is knocked back by the sudden gust. x22
The Hell Sentinel misses your butterfly.
The Hell Sentinel barely misses your butterfly.
You can't go down here!
The Hell Sentinel closely misses your butterfly.
The Hell Sentinel barely misses your butterfly.
You have escaped!

##..# #.#.##.##.##.#.##........
....#####.................#.#.#..
..>............##.##........#.#..
##...###..####.##.##.#...........
#...# #.......##.##.#.#.##.#.###
#...# #..##.####b##...#.##.#.#
##...###..###.bbbb.bb..#.##.#.#
..........#≈bbbbbbb.bb........###
..........#bbbHb@bbb1#.#...†..#..
##...###.##≈bbbbbbbbb#.#.##......
.#...+....#bbbbbbbbbb#........#.#
.#...###..#≈bbbbbbbb≈#..........#
.#........#≈bbbbbbb≈b#..####.....
########..#≈≈bbbbbb≈≈#..###.....#
.#######..###bbbb≈≈≈##...####.#.#
...............bb........####.#.#
..>.............##...............


You could see a Hell Sentinel (ally target) and a friendly primal fireox beast
(summoned).

Vanquished Creatures
  the Royal Jelly (Slime:5)
  Dissolution (Slime:2)
  8 dread liches
  3 orbs of fire (Zot:5)
  4 ancient liches
  A royal mummy (Crypt:2)
  A juggernaut (Depths:4)
  The ghost of Houmnergh the Rich, a master GnTm of Gozag (Crypt:2)
  9 Killer Klowns
  Saint Roka (Depths:2)
  Frederick (Depths:3)
  The ghost of Peot the Slayer, a veteran DjCj of Makhleb (Depths:4)
  A curse toe (Crypt:3)
  Vashnia (Snake:2)
  Geryon (Hell)
  The ghost of Camaan the Warrior, an adept DgCj (Depths:4)
  12 golden dragons
  Jory (Depths:3)
  3 bone dragons
  2 electric golems (Zot:5)
  21 tentacled monstrosities
  2 hellephants (Hell)
  3 doom hounds (Hell)
  Zenata (Vaults:3)
  The ghost of lotum the Severer, an adept FoFi of Hepliaklqana (Vaults:4)
  27 Orb Guardians
  15 quicksilver dragons
  7 liches
  2 deep elf master archers (Elf:3)
  A walking earthen tome (Depths:4)
  5 titans
  2 deep elf blademasters (Elf:3)
  19 acid blobs
  An Executioner (Abyss:4)
  5 sphinxes
  A kraken (Shoals:3)
  4 tentacled starspawn
  Agnes (D:14)
  6 ancient champions
  The ghost of Viocziel the Brawler, an adept TrMo of Nemelex Xobeh (Depths:4)
  10 shadow dragons
  4 tengu reavers
  The ghost of Mitcholas the Markself, an adept DEHu of Okawaru (Snake:3)
  8 death cobs
  4 revenants
  9 azure jellies
  Donald (Vaults:4)
  11 draconian monks
  13 storm dragons
  15 nagarajas
  10 fire giants
  11 rockslimes
  10 frost giants
  3 iron dragons
  12 draconian knights
  3 balrugs
  2 curse skulls (Crypt:3)
  6 deep elf sorcerers
  A ghost moth (Zot:3)
  2 deep elf elementalists (Elf:3)
  6 draconian shifters
  Louise (Shoals:3)
  20 vault wardens
  An orc warlord (Vaults:2)
  7 reapers
  13 ironbound preservers
  13 draconian scorchers
  7 draconian stormcallers
  7 ghouls
  A caustic shrike skeleton (Crypt:3)
  2 juggernaut skeletons
  7 draconian annihilators
  18 very ugly things
  2 cacodemons (Hell)
  16 stone giants
  5 war gargoyles
  6 quicksilver oozes
  5 vampire knights
  An ironbound thunderhulk (Vaults:1)
  20 white draconians
  2 elemental wellsprings (Shoals:2)
  14 green draconians
  14 dire elephants
  A minotaur (Gauntlet)
  7 deep elf demonologists
  10 yellow draconians
  A lorocyproca (Abyss:3)
  17 black draconians
  3 spark wasps (Depths:4)
  16 red draconians
  6 deep elf annihilators
  Azrael (Elf:2)
  The ghost of mampy3000 the Protected, a journeyman MiBe of Trog (D:13)
  45 purple draconians
  A green death (D:12)
  11 deep elf death magi
  The ghost of Newt the Fighter, a journeyman DsGl of Dithmenos (Lair:1)
  2 eidola (Crypt:3)
  A quicksilver dragon zombie (Crypt:3)
  9 statues (WizLab)
  2 fire dragons
  5 merfolk javelineers
  9 merfolk impalers
  2 blizzard demons (Hell)
  Josephine (D:11)
  7 jiangshi
  An entropy weaver (Vaults:4)
  8 ettins
  13 great orbs of eyes
  12 yaktaur captains
  5 deep elf high priests
  An ice dragon (shapeshifter) (Vaults:5)
  3 rakshasas
  11 hydras
  3 salamander tyrants
  10 ironbound frosthearts
  4 peacekeepers
  33 vault guards
  6 spriggan air magi
  A fenstrider witch zombie (Hell)
  12 ice dragons
  3 merfolk avatars
  6 ogre magi
  A quicksilver dragon skeleton (Crypt:2)
  2 boulder beetles
  10 anacondas
  A spriggan skeleton (Abyss:4)
  A satyr (Shoals:3)
  19 two-headed ogres
  A catoblepas (Lair:5)
  2 merfolk aquamancers
  4 deep troll shamans
  A boulder beetle (shapeshifter) (Vaults:5)
  15 centaur warriors
  20 naga warriors
  3 tengu warriors
  12 hell hogs
  5 vampire magi
  26 death yaks
  9 deep troll earth magi
  8 thrashing horrors
  An orc high priest (Orc:1)
  16 naga sharpshooters
  3 spriggan berserkers
  A shock serpent (shapeshifter) (Vaults:5)
  10 shock serpents
  9 soul eaters (Hell)
  14 hell knights
  17 deep elf knights
  The ghost of bande the Cleaver, a novice GrFi of Okawaru (D:7)
  11 sun demons
  8 iron trolls
  5 sixfirhies
  A shadow wraith (Crypt:3)
  21 skeletal warriors
  4 salamander mystics
  10 sea snakes
  A sea snake (shapeshifter) (Elf:3)
  14 deep elf archers
  49 deep trolls
  6 flayed ghosts
  19 ironbound convokers
  12 phantasmal warriors
  Pikel (D:7)
  A bunyip skeleton (Crypt:2)
  17 naga ritualists
  A sphinx zombie (Crypt:1)
  10 glowing orange brains
  A shadow dragon zombie (Crypt:2)
  2 obsidian statues (Zot:5)
  An anaconda skeleton (Crypt:3)
  9 lindwurms
  7 wizards
  A bog body (Crypt:2)
  5 necromancers
  6 fauns
  41 deep elf zephyrmancers
  5 orc knights
  11 harpies
  A fire giant zombie (Vaults:4)
  2 wolf spiders (Lair:4)
  20 salamanders
  10 orc sorcerers
  A tengu skeleton (Depths:2)
  27 deep elf pyromancers
  A shining eye (shapeshifter) (Depths:4)
  50 ugly things
  4 shining eyes
  8 cyclopes
  10 manticores
  24 moths of wrath
  11 mana vipers
  A will-o-the-wisp (Abyss:4)
  17 elephants
  A rust devil (D:15)
  9 smoke demons
  12 water nymphs
  3 ice statues
  21 vault sentinels
  An apocalypse crab (Abyss:3)
  9 merfolk sirens
  42 black mambas
  8 guardian serpents
  2 naga zombies
  6 orange demons
  17 naga magi
  2 molten gargoyles (Lair:4)
  2 torpor snails
  A torpor snail (shapeshifter) (Depths:2)
  7 eyes of devastation
  An unseen horror (shapeshifter) (D:15)
  8 cane toads
  A naga skeleton (Crypt:3)
  Maggie (D:6)
  A hellion (Hell)
  11 rime drakes
  13 komodo dragons
  6 unseen horrors
  A rime drake (shapeshifter) (D:15)
  2 efreet
  6 freezing wraiths
  3 kobold demonologists (D:11)
  40 yaktaurs
  A tormentor (Hell)
  6 ancient zymes
  A catoblepas zombie (Crypt:3)
  An alligator snapping turtle skeleton (Hell)
  A black draconian skeleton (Crypt:2)
  18 tengu conjurers
  8 ice devils
  2 human skeletons
  A polar bear (shapeshifter) (D:15)
  5 trolls
  5 hellwings
  4 red devils
  3 meliai (D:13)
  33 merfolk
  A shadow dragon simulacrum (Vaults:4)
  A guardian mummy (Crypt:3)
  A hornet (Depths:2)
  A harpy skeleton (Crypt:1)
  2 spectral guardian serpents (Crypt:3)
  Prince Ribbit (D:7)
  A meliai (shapeshifter) (Vaults:5)
  9 wind drakes
  8 blink frogs
  59 dancing weapons
  8 raiju
  11 large abominations
  3 tarantellas
  9 snapping turtles
  An ettin skeleton (Abyss:3)
  5 dream sheep
  102 slime creatures
  A fire dragon zombie (Crypt:3)
  2 flying skulls (Crypt:3)
  A guardian serpent skeleton (Crypt:1)
  32 water elementals
  7 small abominations
  9 spriggans
  7 fire dragon skeletons (Crypt:2)
  A shadow (Abyss:3)
  12 air elementals
  8 wraiths
  A spriggan (shapeshifter) (Elf:2)
  10 fire elementals
  2 ynoxinuls
  7 basilisks
  3 vampires
  An alligator skeleton (Crypt:1)
  A basilisk (shapeshifter) (D:13)
  3 fire bats (Abyss:3)
  10 golden eyes
  5 wyverns
  45 yaks
  2 neqoxecs
  A human (D:14)
  A redback (Vaults:4)
  An alligator snapping turtle simulacrum (Hell)
  6 hogs (D:14)
  A steam dragon (D:7)
  3 swamp worms (Gauntlet)
  15 vampire mosquitoes
  3 human zombies
  A death yak simulacrum (IceCv)
  13 spatial vortices (Abyss:4)
  3 chaos spawn
  45 nagas
  5 wargs
  2 acid dragons
  A swamp worm (shapeshifter) (Vaults:5)
  15 hell hounds
  38 water moccasins
  A two-headed ogre skeleton (Crypt:3)
  A floating eye (shapeshifter) (Vaults:3)
  A deep troll skeleton (Crypt:3)
  3 sky beasts
  13 orc warriors
  A snapping turtle zombie (Crypt:1)
  A cane toad skeleton (Crypt:3)
  7 ice beasts
  A manticore zombie (Crypt:2)
  A tengu (shapeshifter) (Vaults:5)
  A black bear (D:7)
  14 ogres
  18 wolves
  2 boggarts (Vaults:4)
  15 centaurs
  9 starcursed masses
  An elephant zombie (Crypt:2)
  An ettin simulacrum (Abyss:4)
  4 lemures (D:7)
  7 kobold brigands
  A snapping turtle skeleton (Crypt:2)
  3 earth elementals
  12 bullfrogs
  A gnoll sergeant (D:7)
  6 necrophages
  4 scorpions
  2 cane toad simulacra (IceCv)
  15 wights
  8 killer bees
  A yak zombie (Crypt:2)
  A raiju skeleton (Crypt:3)
  A vampire bat (Abyss:3)
  5 howler monkeys
  9 lava snakes
  4 quasits (D:7)
  A centaur zombie (Crypt:3)
  6 hounds
  9 orc priests
  A jelly (D:5)
  Crazy Yiuf (D:2)
  A gnoll bouda (D:8)
  A black bear zombie (Crypt:1)
  Jessica (D:2)
  7 iguanas
  A boggart zombie (Crypt:2)
  35 orc wizards
  7 hell rats (Lair:3)
  An acid dragon zombie (Crypt:2)
  A deep dwarf zombie (Crypt:2)
  13 mummies
  A howler monkey zombie (Crypt:1)
  25 adders
  9 gnolls
  2 shadow imps (D:7)
  5 white imps
  2 ufetubi
  An iguana skeleton (Crypt:1)
  3 dart slugs
  56 orcs
  2 spectral bats (Ossuary)
  8 ball pythons
  11 endoplasms
  A giant cockroach (shapeshifter) (Depths:4)
  5 giant cockroaches
  13 goblins
  10 hobgoblins
  31 kobolds
  8 bats
  6 bat simulacra (Ossuary)
  3 frilled lizards (D:1)
  A gnoll skeleton (Crypt:2)
  12 gnoll zombies (Ossuary)
  2 goblin simulacra (Ossuary)
  A goblin zombie (Ossuary)
  5 hobgoblin zombies (Ossuary)
  4 kobold simulacra (Ossuary)
  6 kobold zombies (Ossuary)
  6 orc zombies (Ossuary)
  A quokka skeleton (Crypt:1)
  6 rats
  3 rat simulacra (Ossuary)
  3 spectral goblins (Ossuary)
  2 spectral kobolds (Ossuary)
  2 spectral rats (Ossuary)
  3 ball lightnings (Depths:4)
  A bush (Lair:5)
  3 butterflies (Abyss:3)
  14 demonic plants (Gauntlet)
  2 fire vortices (Hell)
  5 foxfires (Abyss:4)
  44 fungi
  2 lurking horrors (Abyss:4)
  97 plants
  11 starspawn tentacles
  5 tentacles (Shoals:3)
3050 creatures vanquished.

Notes
Turn   | Place    | Note
-------+----------+-------------------------------------------
     0 | D:1      | jfcaron the Gnoll Air Elementalist began the quest for the
                  | Orb.
     0 | D:1      | Reached XP level 1. HP: 13/13 MP: 6/6
   115 | D:1      | Reached XP level 2. HP: 16/19 MP: 1/7
   289 | D:1      | Learned a level 2 spell: Static Discharge
   572 | D:1      | Reached skill level 5 in Spellcasting
   572 | D:1      | Reached XP level 3. HP: 25/25 MP: 5/9
   576 | D:1      | Learned a level 3 spell: Swiftness
   820 | D:1      | Reached skill level 1 in Invocations
  1317 | D:2      | Reached skill level 1 in Fighting
  1317 | D:2      | Reached skill level 1 in Short Blades
  1317 | D:2      | Reached skill level 1 in Long Blades
  1317 | D:2      | Reached skill level 1 in Axes
  1317 | D:2      | Reached skill level 1 in Maces & Flails
  1317 | D:2      | Reached skill level 1 in Polearms
  1317 | D:2      | Reached skill level 1 in Staves
  1317 | D:2      | Reached skill level 1 in Ranged Weapons
  1317 | D:2      | Reached skill level 1 in Throwing
  1317 | D:2      | Reached skill level 1 in Armour
  1317 | D:2      | Reached skill level 1 in Shields
  1317 | D:2      | Reached skill level 1 in Unarmed Combat
  1317 | D:2      | Reached skill level 1 in Evocations
  1443 | D:2      | Found a runed translucent door.
  1444 | D:2      | Noticed Crazy Yiuf
  1599 | D:2      | Reached XP level 4. HP: 28/32 MP: 2/11
  1841 | D:2      | Noticed Jessica
  1844 | D:2      | Killed Jessica
  1845 | D:2      | Reached skill level 1 in Hexes
  1845 | D:2      | Reached skill level 1 in Summonings
  1845 | D:2      | Reached skill level 1 in Necromancy
  1845 | D:2      | Reached skill level 1 in Translocations
  1845 | D:2      | Reached skill level 1 in Transmutations
  1845 | D:2      | Reached skill level 1 in Fire Magic
  1845 | D:2      | Reached skill level 1 in Ice Magic
  1845 | D:2      | Reached skill level 1 in Earth Magic
  1845 | D:2      | Reached skill level 1 in Poison Magic
  2585 | D:3      | Reached XP level 5. HP: 30/37 MP: 5/12
  2639 | D:3      | Learned a level 4 spell: Airstrike
  3815 | D:4      | Reached XP level 6. HP: 44/44 MP: 2/14
  3939 | D:4      | Reached skill level 5 in Dodging
  4142 | D:5      | Entered Level 5 of the Dungeon
  4480 | D:5      | Found a staircase to the Ecumenical Temple.
  4489 | Temple   | Entered the Ecumenical Temple
  4493 | Temple   | jfcaron: ??invo
  4493 | Temple   | beem: invocations[1/3]: Used by TSO, Beogh, Cheibriados,
                  | Dithmenos, Elyvilon, Fedhas, Hepliaklqana, Lugonu, Makhleb,
                  | Nemelex Xobeh, Okawaru, Qazlal, Sif Muna, Uskayaw,
                  | Yredelemnul, Zin. Not used by Ashenzari, Gozag, Jiyva,
                  | Kikubaaqudgha, Ru, Trog, Vehumet, Wu Jian, Xom.
  4496 | Temple   | Became a worshipper of Cheibriados the Contemplative
  4793 | D:5      | Reached * piety under Cheibriados
  4872 | D:5      | Found a shimmering blue altar of Sif Muna.
  4897 | D:5      | Found an opulent altar of Gozag.
  4987 | D:5      | Reached XP level 7. HP: 47/50 MP: 8/15
  5223 | D:5      | Found a stormy altar of Qazlal.
  5480 | D:6      | Noticed a two-headed ogre
  5569 | D:6      | Reached skill level 5 in Stealth
  5843 | D:6      | Reached XP level 8. HP: 25/58 MP: 7/16
  6058 | D:6      | Reached ** piety under Cheibriados
  7218 | D:6      | Noticed Maggie
  7565 | D:7      | Reached XP level 9. HP: 62/65 MP: 12/18
  7812 | D:7      | Noticed a two-headed ogre
  7857 | D:7      | Reached skill level 6 in Stealth
  8094 | D:7      | Found a transporter.
  8098 | D:7      | Noticed bande's ghost (novice GrFi)
  8158 | D:7      | Reached *** piety under Cheibriados
  8400 | D:7      | HP: 12/66 [two-headed ogre/+0 giant club (11)]
  8405 | D:7      | Killed a two-headed ogre
  8406 | D:7      | Reached skill level 5 in Invocations
  8709 | D:7      | Found a transporter.
  8883 | D:7      | Noticed Pikel
  8892 | D:7      | Killed Pikel
  8893 | D:7      | Reached skill level 5 in Fighting
  8893 | D:7      | Reached skill level 5 in Short Blades
  8893 | D:7      | Reached skill level 5 in Long Blades
  8893 | D:7      | Reached skill level 5 in Axes
  8893 | D:7      | Reached skill level 5 in Maces & Flails
  8893 | D:7      | Reached skill level 5 in Polearms
  8893 | D:7      | Reached skill level 5 in Staves
  8893 | D:7      | Reached skill level 5 in Ranged Weapons
  8893 | D:7      | Reached skill level 5 in Throwing
  8893 | D:7      | Reached skill level 5 in Armour
  8893 | D:7      | Reached skill level 5 in Shields
  8893 | D:7      | Reached skill level 5 in Unarmed Combat
  8893 | D:7      | Reached skill level 5 in Evocations
  8893 | D:7      | Reached XP level 10. HP: 71/74 MP: 2/20
  9039 | D:7      | Noticed Prince Ribbit
  9049 | D:7      | Killed Prince Ribbit
  9300 | D:7      | Reached skill level 5 in Conjurations
  9340 | D:7      | HP: 9/74 [slime creature (9)]
  9346 | D:7      | Reached skill level 7 in Stealth
  9674 | D:7      | Reached **** piety under Cheibriados
 10160 | D:8      | Found a sand-covered staircase.
 10173 | Ossuary  | Entered an ossuary
 10422 | Ossuary  | Reached ***** piety under Cheibriados
 11211 | D:8      | Found a white marble altar of Elyvilon.
 12384 | D:2      | Killed Crazy Yiuf
 12531 | D:6      | Killed a two-headed ogre
 12655 | D:6      | Killed Maggie
 12656 | D:6      | Reached skill level 5 in Hexes
 12656 | D:6      | Reached skill level 5 in Summonings
 12656 | D:6      | Reached skill level 5 in Necromancy
 12656 | D:6      | Reached skill level 5 in Translocations
 12656 | D:6      | Reached skill level 5 in Transmutations
 12656 | D:6      | Reached skill level 5 in Fire Magic
 12656 | D:6      | Reached skill level 5 in Ice Magic
 12656 | D:6      | Reached skill level 5 in Earth Magic
 12656 | D:6      | Reached skill level 5 in Poison Magic
 12656 | D:6      | Reached XP level 11. HP: 75/81 MP: 2/22
 13093 | D:9      | Found a flagged portal.
 13108 | Bailey   | Entered a bailey
 13281 | Bailey   | Reached ****** piety under Cheibriados
 13494 | Bailey   | Noticed a two-headed ogre
 13498 | Bailey   | Killed a two-headed ogre
 13955 | D:9      | Learned a level 4 spell: Olgreb's Toxic Radiance
 14444 | D:9      | Found an iron altar of Okawaru.
 14644 | D:10     | Entered Level 10 of the Dungeon
 14693 | D:10     | Found Pijuegha's Armour Shoppe.
 14695 | D:10     | Found a staircase to the Orcish Mines.
 14697 | D:10     | Found Omyps's Weapon Shoppe.
 14734 | D:10     | Reached skill level 8 in Stealth
 14927 | D:10     | Found Bimud's Antique Weapon Shop.
 14968 | D:10     | Found Zeeh's Assorted Antiques.
 15130 | D:10     | Got the Verses on Shadowy Shaping
 15134 | D:10     | Learned a level 2 spell: Wereblood
 15136 | D:10     | Learned a level 1 spell: Necrotise
 15161 | D:10     | Found a staircase to the Lair.
 15283 | D:10     | Bought a coppery potion for 28 gold pieces
 15657 | D:10     | Noticed a two-headed ogre
 15661 | D:10     | Killed a two-headed ogre
 15662 | D:10     | Reached XP level 12. HP: 91/91 MP: 11/24
 15731 | D:10     | Found a large runed translucent door.
 15732 | D:10     | Found a large runed translucent door.
 16035 | D:10     | Found Qapn's Weapon Shop.
 16116 | D:10     | Bought the +3 warlock's mirror {omnireflect} for 600 gold
                  | pieces
 16116 | D:10     | Found the +3 warlock's mirror {omnireflect}
 16151 | D:10     | Bought a scroll of teleportation for 96 gold pieces
 16221 | Lair:1   | Entered Level 1 of the Lair of Beasts
 16230 | Lair:1   | Noticed Newt's ghost (journeyman DsGl)
 16361 | Lair:1   | Found a runed translucent gate.
 16362 | Lair:1   | Found a runed translucent gate.
 16363 | Lair:1   | Found a runed translucent gate.
 18427 | Lair:2   | Reached skill level 9 in Stealth
 18506 | Lair:2   | Noticed a death yak
 18518 | Lair:2   | Noticed a death yak
 18519 | Lair:2   | Noticed a death yak
 18520 | Lair:2   | Noticed a death yak
 18523 | Lair:2   | Noticed a death yak
 18529 | Lair:2   | Killed a death yak
 18531 | Lair:2   | Killed a death yak
 18532 | Lair:2   | Killed a death yak
 18533 | Lair:2   | Killed a death yak
 18536 | Lair:2   | Killed a death yak
 18537 | Lair:2   | Reached XP level 13. HP: 98/98 MP: 1/26
 19021 | Lair:2   | Found a staircase to the Shoals.
 19377 | D:10     | Bought an ivory dagger for 189 gold pieces
 19377 | D:10     | Identified the +5 dagger of the Unseen Realm {holy, Fragile
                  | rCorr Str+4 Int+4} (You bought it in a shop on level 10 of
                  | the Dungeon)
 19736 | Lair:3   | Found a runed translucent door.
 20229 | Lair:3   | Learned a level 3 spell: Stone Arrow
 20234 | Lair:3   | Learned a level 4 spell: Animate Armour
 20256 | Lair:3   | Found a staircase to the Snake Pit.
 20752 | Lair:4   | Reached skill level 10 in Spellcasting
 21180 | Lair:4   | Found an opulent altar of Gozag.
 21180 | Lair:4   | Found a viscous altar of Jiyva.
 21181 | Lair:4   | Found a staircase to the Slime Pits.
 21416 | Lair:4   | Reached skill level 10 in Dodging
 21748 | Lair:4   | You fall into a shaft and drop 1 floor!
 21748 | Lair:5   | Entered Level 5 of the Lair of Beasts
 21758 | Lair:5   | Reached skill level 10 in Stealth
 21897 | Lair:5   | Reached skill level 10 in Invocations
 21897 | Lair:5   | Reached XP level 14. HP: 65/108 MP: 3/28
 24193 | Lair:5   | Reached skill level 10 in Air Magic
 24614 | Lair:5   | Reached skill level 10 in Fighting
 24614 | Lair:5   | Reached skill level 10 in Short Blades
 24614 | Lair:5   | Reached skill level 10 in Long Blades
 24614 | Lair:5   | Reached skill level 10 in Axes
 24614 | Lair:5   | Reached skill level 10 in Maces & Flails
 24614 | Lair:5   | Reached skill level 10 in Polearms
 24614 | Lair:5   | Reached skill level 10 in Staves
 24614 | Lair:5   | Reached skill level 10 in Ranged Weapons
 24614 | Lair:5   | Reached skill level 10 in Throwing
 24614 | Lair:5   | Reached skill level 10 in Armour
 24614 | Lair:5   | Reached skill level 10 in Shields
 24614 | Lair:5   | Reached skill level 10 in Unarmed Combat
 24614 | Lair:5   | Reached skill level 10 in Evocations
 24928 | Lair:5   | Learned a level 3 spell: Tukima's Dance
 25122 | Lair:5   | Found a burning altar of Makhleb.
 25132 | Lair:5   | Reached XP level 15. HP: 115/115 MP: 30/30
 25314 | Lair:5   | Found a gateway to Hell.
 25530 | Lair:3   | Reached skill level 11 in Stealth
 25612 | Lair:3   | Identified the +1 hand axe of Honour {freeze, Dex+2}
 25748 | Lair:1   | Killed Newt's ghost
 25988 | D:7      | Killed bande's ghost
 26415 | Orc:1    | Entered Level 1 of the Orcish Mines
 26463 | Orc:1    | Found a dark tunnel.
 26478 | Volcano  | Entered a volcano
 27108 | Orc:2    | Entered Level 2 of the Orcish Mines
 27652 | Orc:2    | Found a staircase to the Elven Halls.
 28627 | Orc:2    | Found Cifuumel's Book Boutique.
 28652 | Orc:2    | Found an ancient bone altar of Kikubaaqudgha.
 28791 | Orc:2    | Found Uxosiwes's Book Boutique.
 29062 | Orc:2    | Found a radiant altar of Vehumet.
 29242 | Orc:2    | Found Cehexif's Magic Scroll Shop.
 29257 | Orc:2    | Found Wojahu Hide's Antique Armour Boutique.
 29389 | Orc:2    | Bought a scroll of teleportation for 45 gold pieces
 29389 | Orc:2    | Bought a scroll of fear for 60 gold pieces
 29389 | Orc:2    | Bought a scroll of magic mapping for 112 gold pieces
 29539 | D:10     | Bought a slimy trident for 272 gold pieces
 29539 | D:10     | Identified the +7 trident "Furha" {flame, rF+ Str+3} (You
                  | bought it in a shop on level 10 of the Dungeon)
 29618 | D:11     | Found a gate leading to a gauntlet.
 29631 | Gauntlet | Entered a Gauntlet
 29631 | Gauntlet | Found a transporter.
 29631 | Gauntlet | Found a transporter.
 29635 | Gauntlet | Found a transporter.
 29635 | Gauntlet | Found a transporter.
 29667 | Gauntlet | Found a transporter.
 29681 | Gauntlet | Found a transporter.
 29695 | Gauntlet | Identified the ring of Taprolay {rElec rCorr AC+4 Int-5
                  | Dex+5}
 29711 | Gauntlet | Found a transporter.
 29719 | Gauntlet | Found a transporter.
 29735 | Gauntlet | Found a transporter.
 29783 | D:11     | jfcaron: ??cancellation
 29783 | D:11     | beem: potion of cancellation[1/4]: Removes all magic
                  | effects + a few points of contam. Removes slow (including
                  | post-berserk slow but not -Berserk), conf, tele,
                  | petrifying, mark, flay, mesm, fear, Dmsl, and any other
                  | effect with a duration.
 29783 | D:11     | jfcaron: ??cancellation[2
 29783 | D:11     | beem: potion of cancellation[2/4]: There are a few effects
                  | it doesn't work on, such as constrict
 29783 | D:11     | jfcaron: ??cancellation[3
 29783 | D:11     | beem: 1/1.
                  | https://github.com/crawl/crawl/blob/master/crawl-ref/source
                  | /spl-goditem.cc#L500
 29783 | D:11     | jfcaron: ??cancellation[4
 29783 | D:11     | beem: potion of cancellation[4/4]: How not to use potion of
                  | cancellation: !lg velsharoon xl=27 cewz 1 -tv
 29787 | D:11     | Found a frozen archway.
 29804 | IceCv    | Entered an ice cave
 29894 | IceCv    | Found a transporter.
 29901 | IceCv    | Found a transporter.
 29992 | IceCv    | Got the Parchment of Snow
 30192 | D:11     | Identified the +3 leather armour of the Avant Garde Wumpus
                  | {Slay+2}
 30199 | D:11     | Identified a scroll of acquirement
 30200 | D:11     | Acquired the +0 cloak of Siochiggo {rC+ Will+ Int+4}
 30428 | D:11     | Noticed Josephine
 30434 | D:11     | Killed Josephine
 30618 | D:11     | Learned a level 2 spell: Blink
 30624 | D:11     | Learned a level 5 spell: Freezing Cloud
 32073 | D:12     | Reached XP level 16. HP: 124/124 MP: 32/32
 32503 | D:13     | Found a runed translucent door.
 32504 | D:13     | Noticed mampy3000's ghost (journeyman MiBe)
 33002 | D:13     | Found the brooch of Shielding {Spirit SH+8}
 33213 | D:13     | Killed mampy3000's ghost
 33591 | D:14     | Found Bewk's Weapon Shop.
 33690 | D:14     | Noticed Agnes
 33698 | D:14     | Killed Agnes
 33698 | D:14     | Noticed Nessos
 33700 | D:14     | Nessos changed into Nessos the tarantella
 33700 | D:14     | Noticed Nessos
 33703 | D:14     | Killed Nessos the tarantella
 33815 | D:14     | Got the Elucidation of Chthonic Attendants
 33875 | D:14     | Reached skill level 12 in Stealth
 33875 | D:14     | Reached skill level 10 in Ice Magic
 33901 | D:14     | Noticed Kirke
 33902 | D:14     | Kirke changed into Kirke the hog
 33902 | D:14     | Noticed Kirke
 33905 | D:14     | Killed Kirke the hog
 34224 | D:14     | Identified the +7 falchion of Sudden Death {flame, Fly
                  | rPois rCorr Int+2}
 34368 | D:14     | Found a gate to the Vaults.
 35095 | D:14     | Reached skill level 10 in Conjurations
 35341 | D:15     | Entered Level 15 of the Dungeon
 35898 | D:15     | Reached XP level 17. HP: 133/133 MP: 31/33
 36207 | D:15     | Reached skill level 10 in Hexes
 36207 | D:15     | Reached skill level 10 in Summonings
 36207 | D:15     | Reached skill level 10 in Necromancy
 36207 | D:15     | Reached skill level 10 in Translocations
 36207 | D:15     | Reached skill level 10 in Transmutations
 36207 | D:15     | Reached skill level 10 in Fire Magic
 36207 | D:15     | Reached skill level 10 in Earth Magic
 36207 | D:15     | Reached skill level 10 in Poison Magic
 36880 | D:15     | Found a staircase to the Depths.
 37310 | Snake:1  | Entered Level 1 of the Snake Pit
 37386 | Snake:1  | Found Befuul's Weapon Shop.
 37433 | Snake:1  | Found a sparkling altar of Nemelex Xobeh.
 38724 | Snake:2  | Identified the +6 longbow "Dragon's Tongue" {drain, rC+}
 38754 | Snake:2  | Found Nofia's Armour Shoppe.
 39730 | Snake:2  | Noticed Vashnia
 39786 | Snake:2  | Killed Vashnia
 39787 | Snake:2  | Reached skill level 13 in Stealth
 40422 | Snake:3  | Found a runed translucent door.
 40422 | Snake:3  | Noticed Mitcholas's ghost (adept DEHu)
 40469 | Snake:3  | Reached XP level 18. HP: 117/141 MP: 1/35
 40618 | Snake:3  | Found Fedi's Magic Scroll Emporium.
 40879 | Snake:3  | Found Keeff's Armour Emporium.
 40966 | Snake:3  | Found Fueska's Distillery.
 41620 | Snake:3  | Killed Mitcholas's ghost
 41737 | Snake:4  | Entered Level 4 of the Snake Pit
 42587 | Snake:4  | Acquired 351 gold pieces
 43174 | Snake:4  | Identified the +4 trident of the Fortune-Teller {speed,
                  | Str+2 Int+4 SInv}
 43349 | Snake:4  | Identified the amulet "Vaifuoho" {rElec rF+ rC- Regen+
                  | rCorr}
 43479 | Snake:4  | Got Cionaer's Octavo of Curses and Venin
 43481 | Snake:4  | Got the Writings on Enthralling Infection
 43488 | Snake:4  | Learned a level 5 spell: Yara's Violent Unravelling
 44026 | Snake:4  | Reached skill level 14 in Stealth
 44815 | Snake:4  | Reached XP level 19. HP: 140/149 MP: 30/37
 45309 | Snake:4  | Got a serpentine rune of Zot
 45647 | Shoals:1 | Entered Level 1 of the Shoals
 46574 | Shoals:2 | Learned a level 4 spell: Dispel Undead
 46788 | Shoals:2 | Learned a level 2 spell: Passwall
 46959 | Shoals:2 | Identified the +8 rapier of Eternal Night {elec, *Corrode
                  | rPois rN+ Str+6}
 48610 | Shoals:3 | Noticed Louise
 48625 | Shoals:3 | Killed Louise
 48626 | Shoals:3 | Reached skill level 15 in Stealth
 48630 | Shoals:3 | Identified the +0 plate armour "Vupra" {rN++}
 48667 | Shoals:3 | Identified the +4 flail of the Evening {protect, rPois rF+}
 49803 | Shoals:4 | Entered Level 4 of the Shoals
 49803 | Shoals:4 | Found a blossoming altar of Fedhas.
 50316 | Shoals:4 | Paralysed by an air elemental for 1 turns
 50335 | Shoals:4 | Reached skill level 15 in Invocations
 50350 | Shoals:4 | Identified the amulet of Patience {Reflect Contam Rampage
                  | Dex+6 SH+5}
 50617 | Shoals:4 | Reached XP level 20. HP: 158/158 MP: 38/38
 50658 | Shoals:4 | Paralysed by an air elemental for 1 turns
 51246 | Shoals:4 | Got a barnacled rune of Zot
 51529 | Elf:1    | Entered Level 1 of the Elven Halls
 51605 | Elf:1    | Found a radiant altar of Vehumet.
 52198 | Elf:1    | Paralysed by an air elemental for 1 turns
 52558 | Elf:1    | Reached skill level 16 in Stealth
 53051 | Elf:2    | Found a transporter.
 53053 | Elf:2    | Found a transporter.
 53083 | Elf:2    | Found a transporter.
 53083 | Elf:2    | Found a transporter.
 53099 | Elf:2    | Reached skill level 15 in Spellcasting
 53192 | Elf:2    | Found a transporter.
 53192 | Elf:2    | Found a transporter.
 53305 | Elf:2    | Found a runed translucent gate.
 53305 | Elf:2    | Found a runed translucent gate.
 53306 | Elf:2    | Found a runed translucent gate.
 53783 | Elf:2    | Reached skill level 15 in Dodging
 53797 | Elf:2    | Noticed Azrael
 53800 | Elf:2    | Killed Azrael
 54362 | Elf:3    | Entered Level 3 of the Elven Halls
 54451 | Elf:3    | Identified the ring of Pyromania {rElec rC+ rN+ EV+5}
 54456 | Abyss:3  | Cast into level 3 of the Abyss (a deep elf sorcerer)
 54469 | Abyss:3  | Found a corrupted altar of Lugonu.
 54517 | Abyss:3  | Paralysed by accursed screaming for 1 turns
 54523 | Abyss:3  | Found an ornate altar of the Wu Jian Council.
 54729 | Abyss:3  | Reached XP level 21. HP: 91/166 MP: 40/40
 54784 | Abyss:3  | Reached skill level 15 in Ice Magic
 56455 | Elf:3    | Escaped the Abyss
 56773 | Elf:3    | Reached skill level 17 in Stealth
 57037 | Elf:3    | Identified the +0 robe of a ziggurat {Will+ Stlth+}
 57052 | Elf:3    | Identified the +7 morningstar of Change {heavy, rC- rCorr
                  | Str+4 Int+7}
 57150 | Elf:3    | Identified the +0 chain mail of Wrong Decisions {Dex+3
                  | Stlth+}
 57165 | Elf:3    | Identified the ring "Nukux" {MP+9 SInv}
 57887 | Elf:3    | Identified the +6 war axe of Neurosis {speed, rElec rN+
                  | Will+}
 57948 | Elf:3    | Got the Essays on the Jaunt and Exhumation
 57957 | Elf:3    | Learned a level 5 spell: Borgnjor's Vile Clutch
 57964 | Elf:3    | Got Otubi's Experienced Spellcraft
 57996 | Elf:3    | Reached skill level 15 in Fighting
 57996 | Elf:3    | Reached skill level 15 in Short Blades
 57996 | Elf:3    | Reached skill level 15 in Long Blades
 57996 | Elf:3    | Reached skill level 15 in Axes
 57996 | Elf:3    | Reached skill level 15 in Maces & Flails
 57996 | Elf:3    | Reached skill level 15 in Polearms
 57996 | Elf:3    | Reached skill level 15 in Staves
 57996 | Elf:3    | Reached skill level 15 in Ranged Weapons
 57996 | Elf:3    | Reached skill level 15 in Throwing
 57996 | Elf:3    | Reached skill level 15 in Armour
 57996 | Elf:3    | Reached skill level 15 in Shields
 57996 | Elf:3    | Reached skill level 15 in Unarmed Combat
 57996 | Elf:3    | Reached skill level 15 in Evocations
 58536 | Elf:3    | Learned a level 6 spell: Statue Form
 59029 | Snake:4  | jfcaron: ??order
 59029 | Snake:4  | beem: hyperelliptic[1/2]: D:11 -> Lair -> D:12 -> Orc ->
                  | D:15 -> S:3 -> maybe other S:3 -> get both S runes -> maybe
                  | Elf (but not the Elf:3 vault) -> Vaults:4 -> maybe Crypt ->
                  | Depths:4 -> Vaults:5 -> maybe Slime -> Zot ("S" means
                  | Shoals/Snake/Spider/Swamp)
 59345 | Shoals:2 | Learned a level 6 spell: Iron Shot
 59533 | Vaults:1 | Entered Level 1 of the Vaults
 60054 | Abyss:4  | Cast into level 4 of the Abyss (a wizard)
 60055 | Abyss:4  | Upgraded the game from 0.30-a0-634-g8abc85282e to
                  | 0.30-a0-639-g3916f1956a
 60232 | Abyss:4  | Paralysed by accursed screaming for 1 turns
 60249 | Abyss:4  | Paralysed by an air elemental for 1 turns
 60289 | Abyss:4  | Reached XP level 22. HP: 175/175 MP: 18/42
 60302 | Vaults:1 | Escaped the Abyss
 60436 | Vaults:1 | Reached skill level 18 in Stealth
 61825 | Vaults:2 | Found Xiufuoph's Book Shoppe.
 63153 | Vaults:2 | Got the Omnibus of Contaminants and Calefaction
 63160 | Vaults:2 | Found Xiguet's Jewellery Boutique.
 63384 | Vaults:3 | Found a magical portal.
 63414 | WizLab   | Entered Iskenderun's Mystic Tower
 64578 | WizLab   | Got Iskenderun's Meditations on Assaults
 64578 | WizLab   | Got Iskenderun's Tome of the Impact
 65003 | Vaults:3 | Reached XP level 23. HP: 183/183 MP: 41/43
 65118 | Vaults:3 | Reached skill level 19 in Stealth
 65401 | Vaults:3 | Found a staircase to the Crypt.
 65899 | Vaults:3 | Noticed Zenata
 65910 | Vaults:3 | Killed Zenata
 66318 | Vaults:4 | Noticed Donald
 66325 | Vaults:4 | Killed Donald
 66538 | Vaults:4 | Identified the +7 long sword of Muyp {speed, rC- Str+2
                  | Dex+8 SInv}
 67663 | Vaults:4 | Found a runed translucent gate.
 67663 | Vaults:4 | Found a runed translucent gate.
 67663 | Vaults:4 | Found a runed translucent gate.
 67668 | Vaults:4 | Noticed lotum's ghost (adept FoFi)
 67702 | Vaults:4 | Killed lotum's ghost
 67811 | Vaults:4 | Identified the +2 cloak of Cloud Cover {Contam rPois Regen+
                  | Dex+5}
 67812 | Vaults:4 | Identified the ring "Navibuann" {*Corrode rElec rPois MP+9
                  | Int+8}
 67849 | Vaults:4 | jfcaron: ??order
 67849 | Vaults:4 | beem: hyperelliptic[1/2]: D:11 -> Lair -> D:12 -> Orc ->
                  | D:15 -> S:3 -> maybe other S:3 -> get both S runes -> maybe
                  | Elf (but not the Elf:3 vault) -> Vaults:4 -> maybe Crypt ->
                  | Depths:4 -> Vaults:5 -> maybe Slime -> Zot ("S" means
                  | Shoals/Snake/Spider/Swamp)
 67965 | Crypt:1  | Entered Level 1 of the Crypt
 67968 | Crypt:1  | Found an ancient bone altar of Kikubaaqudgha.
 69630 | Crypt:2  | Reached skill level 15 in Air Magic
 70263 | Crypt:2  | Reached skill level 20 in Stealth
 70263 | Crypt:2  | Reached XP level 24. HP: 193/193 MP: 22/44
 70340 | Crypt:2  | Got the Vellum of Phantasmal Open Graves
 70465 | Crypt:2  | Found a transporter.
 70481 | Crypt:2  | Noticed Houmnergh's ghost (master GnTm)
 70521 | Crypt:2  | Noticed a royal mummy
 70523 | Crypt:2  | Found a transporter.
 70945 | Crypt:3  | Entered Level 3 of the Crypt
 71378 | Crypt:3  | Noticed a curse toe
 71668 | Crypt:3  | Killed a curse toe
 72399 | Crypt:3  | Found a staircase to the Tomb.
 72800 | Crypt:3  | Noticed a dread lich
 72800 | Crypt:3  | Noticed an ancient lich
 72803 | Crypt:3  | Noticed a dread lich
 73039 | Crypt:3  | Identified the +7 war axe of Trauma {venom, Dex+3 Stlth+}
 73043 | Crypt:3  | Killed a dread lich
 73091 | Crypt:3  | Killed an ancient lich
 73095 | Crypt:3  | Killed a dread lich
 73153 | Crypt:3  | Identified the +6 scimitar "Uthe" {elec, rPois Dex+4}
 73154 | Crypt:3  | Identified the +10 plate armour "Jihen" {Int+4}
 73157 | Crypt:3  | Identified the +11 dire flail of Fefaumux {heavy, Int+5
                  | Stlth+}
 73159 | Crypt:3  | Got the Handbook of Rot
 73163 | Crypt:3  | Identified the +0 leather armour "Tyucebra" {rC+}
 74084 | Elf:3    | jfcaron: ??order
 74084 | Elf:3    | beem: hyperelliptic[1/2]: D:11 -> Lair -> D:12 -> Orc ->
                  | D:15 -> S:3 -> maybe other S:3 -> get both S runes -> maybe
                  | Elf (but not the Elf:3 vault) -> Vaults:4 -> maybe Crypt ->
                  | Depths:4 -> Vaults:5 -> maybe Slime -> Zot ("S" means
                  | Shoals/Snake/Spider/Swamp)
 74413 | Depths:1 | Entered Level 1 of the Depths
 74694 | Depths:1 | Identified the +7 whip "Demonbane" {protect, Int+2 Stlth+}
 75087 | Depths:1 | Found a shadowy altar of Dithmenos.
 75814 | Depths:2 | Identified the +8 falchion of Ocuyd Unu {freeze, Str-5
                  | Dex+2 Stlth+}
 76214 | Depths:2 | Found a one-way gate to the infinite horrors of the Abyss.
 76437 | Depths:2 | Found a one-way gate leading to the halls of Pandemonium.
 76484 | Depths:2 | Found an ancient bone altar of Kikubaaqudgha.
 76829 | Depths:2 | Noticed Saint Roka
 76835 | Depths:2 | Killed Saint Roka
 77126 | Depths:3 | Reached skill level 21 in Stealth
 77194 | Depths:3 | Reached XP level 25. HP: 201/201 MP: 34/44
 77692 | Depths:3 | Reached skill level 15 in Conjurations
 77851 | Depths:3 | Noticed Jory
 77858 | Depths:3 | Killed Jory
 77958 | Depths:3 | Noticed Frederick
 77967 | Depths:3 | Killed Frederick
 78308 | Depths:3 | Found a bloodstained altar of Trog.
 78422 | Depths:4 | Entered Level 4 of the Depths
 78422 | Depths:4 | Noticed an ancient lich
 78422 | Depths:4 | Found a one-way gateway to a ziggurat.
 78431 | Depths:4 | Killed an ancient lich
 78679 | Depths:4 | Found Tyidet's Antique Armour Boutique.
 78683 | Depths:4 | Found Gysoh's Antique Weapon Boutique.
 78689 | Depths:4 | Reached skill level 15 in Hexes
 78689 | Depths:4 | Reached skill level 15 in Summonings
 78689 | Depths:4 | Reached skill level 15 in Necromancy
 78689 | Depths:4 | Reached skill level 15 in Translocations
 78689 | Depths:4 | Reached skill level 15 in Transmutations
 78689 | Depths:4 | Reached skill level 15 in Fire Magic
 78689 | Depths:4 | Reached skill level 15 in Earth Magic
 78689 | Depths:4 | Reached skill level 15 in Poison Magic
 78731 | Depths:4 | Bought a pair of embroidered gloves for 270 gold pieces
 79075 | Depths:4 | Found a gate to the Realm of Zot.
 79496 | Depths:4 | Found a runed translucent gate.
 79498 | Depths:4 | Found a runed translucent gate.
 79518 | Depths:4 | Noticed Peot's ghost (veteran DjCj)
 79522 | Depths:4 | Noticed Viocziel's ghost (adept TrMo)
 79534 | Depths:4 | Found a runed translucent gate.
 79535 | Depths:4 | Noticed Camaan's ghost (adept DgCj)
 79880 | Depths:4 | Noticed a juggernaut
 79887 | Depths:4 | Killed a juggernaut
 80144 | Depths:4 | Killed Peot's ghost
 80148 | Depths:4 | Killed Camaan's ghost
 80152 | Depths:4 | Killed Viocziel's ghost
 80576 | Crypt:2  | Killed Houmnergh's ghost
 80579 | Crypt:2  | Killed a royal mummy
 80677 | Crypt:2  | jfcaron: ??order
 80677 | Crypt:2  | beem: hyperelliptic[1/2]: D:11 -> Lair -> D:12 -> Orc ->
                  | D:15 -> S:3 -> maybe other S:3 -> get both S runes -> maybe
                  | Elf (but not the Elf:3 vault) -> Vaults:4 -> maybe Crypt ->
                  | Depths:4 -> Vaults:5 -> maybe Slime -> Zot ("S" means
                  | Shoals/Snake/Spider/Swamp)
 80677 | Crypt:2  | jfcaron: ??order
 80677 | Crypt:2  | beem: hyperelliptic[1/2]: D:11 -> Lair -> D:12 -> Orc ->
                  | D:15 -> S:3 -> maybe other S:3 -> get both S runes -> maybe
                  | Elf (but not the Elf:3 vault) -> Vaults:4 -> maybe Crypt ->
                  | Depths:4 -> Vaults:5 -> maybe Slime -> Zot ("S" means
                  | Shoals/Snake/Spider/Swamp)
 80687 | Crypt:2  | Learned a level 9 spell: Polar Vortex
 80847 | Vaults:5 | Entered Level 5 of the Vaults
 80855 | Vaults:5 | Reached skill level 22 in Stealth
 80859 | Vaults:5 | Noticed a dread lich
 80861 | Vaults:5 | Reached XP level 26. HP: 211/211 MP: 34/45
 80865 | Vaults:5 | Killed a dread lich
 81171 | Vaults:5 | Noticed a dread lich
 81175 | Vaults:5 | Killed a dread lich
 81429 | Vaults:5 | Noticed a dread lich
 81435 | Vaults:5 | Killed a dread lich
 81686 | Vaults:5 | Noticed a dread lich
 81758 | Vaults:5 | Killed a dread lich
 82173 | Vaults:5 | Identified the +1 chain mail of Tuwirghyc {rElec Str+7}
 82179 | Vaults:5 | Identified the amulet "Miriucs" {Faith +Blink Int+4 Dex+4}
 82270 | Vaults:5 | Got a silver rune of Zot
 82428 | Vaults:5 | Found Finiczok's General Store.
 82448 | Vaults:5 | Identified the +1 ring mail of Theory {rPois rC+}
 83185 | Vaults:5 | Upgraded the game from 0.30-a0-639-g3916f1956a to
                  | 0.30-a0-702-gdf48620a09
 83631 | D:12     | Learned a level 8 spell: Ignition
 83827 | Slime:1  | Entered Level 1 of the Pits of Slime
 83827 | Slime:1  | You fall into a shaft and drop 1 floor!
 83833 | Slime:2  | Noticed Dissolution
 83836 | Slime:2  | Paralysed by a floating eye for 4 turns
 83840 | Slime:2  | Gained mutation: You are weak. (Str -2) [a shining eye]
 83843 | Slime:2  | Gained mutation: You occasionally lose the ability to drink
                  | potions when taking damage. [a shining eye]
 83844 | Slime:2  | Killed Dissolution
 83870 | Slime:2  | Gained mutation: Your magical capacity is low. (-10% MP) [a
                  | shining eye]
 84163 | Slime:1  | Reached skill level 23 in Stealth
 84214 | Slime:1  | Reached XP level 27. HP: 219/219 MP: 11/41
 84572 | Slime:5  | Entered Level 5 of the Pits of Slime
 84708 | Slime:5  | Found a viscous altar of Jiyva.
 84709 | Slime:5  | Noticed the Royal Jelly
 84709 | Slime:5  | Found the amulet of the Four Winds {rN+ Will+++ Clar}
 84762 | Slime:5  | Killed the Royal Jelly
 84908 | Slime:5  | Identified the +2 halberd "Niceaz" {heavy, Str+5}
 84923 | Slime:5  | Identified the amulet "Xyan Sacw" {rF+ Regen+ Dex+3}
 84938 | Slime:5  | Got Ripti's Parchment of Massed Intoxication
 84989 | Slime:5  | Identified the +3 war axe of Fortitude {flame, rC+ MP-9
                  | Dex+4}
 84991 | Slime:5  | Got a slimy rune of Zot
 84992 | Slime:5  | Identified the amulet "Owivoofi" {Acrobat rPois rC+ MP+9}
 85143 | Lair:4   | Lost mutation: You occasionally lose the ability to drink
                  | potions when taking damage. [potion of mutation]
 85143 | Lair:4   | Lost mutation: You are weak. (Str -2) [potion of mutation]
 85143 | Lair:4   | Gained mutation: You are frail. (-10% HP) [potion of
                  | mutation]
 85143 | Lair:4   | Gained mutation: You are strong-willed. (Will+) [potion of
                  | mutation]
 85143 | Lair:4   | Gained mutation: You are resistant to electric shocks.
                  | (rElec) [potion of mutation]
 85144 | Lair:4   | Lost mutation: You are strong-willed. (Will+) [potion of
                  | mutation]
 85144 | Lair:4   | Lost mutation: You are resistant to electric shocks.
                  | (rElec) [potion of mutation]
 85145 | Lair:4   | Lost mutation: Your magical capacity is low. (-10% MP)
                  | [potion of mutation]
 85145 | Lair:4   | Lost mutation: You are frail. (-10% HP) [potion of
                  | mutation]
 85145 | Lair:4   | Gained mutation: Your mind is acute. (Int +4, Str/Dex -1)
                  | [potion of mutation]
 85220 | Hell     | Entered the Vestibule of Hell
 85220 | Hell     | Noticed Geryon
 85225 | Hell     | Killed Geryon
 85483 | Hell     | Found a gateway to the decaying netherworld of Tartarus.
 85535 | Hell     | Found a gateway to the freezing wastes of Cocytus.
 85599 | Hell     | Found a gateway to the Iron City of Dis.
 85634 | Hell     | Found a gateway to the ashen valley of Gehenna.
 87799 | Zot:1    | Entered Level 1 of the Realm of Zot
 88374 | Zot:2    | Reached skill level 24 in Stealth
 88912 | Zot:2    | Identified the +7 hand axe "Siqaphan" {elec, Int+2}
 89530 | Zot:5    | Entered Level 5 of the Realm of Zot
 92604 | Zot:3    | Reached skill level 25 in Stealth
 95281 | Zot:5    | Noticed a dread lich
 95284 | Zot:5    | Killed a dread lich
 95292 | Zot:5    | Noticed an ancient lich
 95298 | Zot:5    | Killed an ancient lich
 95605 | Zot:5    | Noticed an orb of fire
 95611 | Zot:5    | Killed an orb of fire
 95835 | Zot:5    | Noticed an ancient lich
 95841 | Zot:5    | Killed an ancient lich
 96037 | Zot:5    | Noticed an orb of fire
 96041 | Zot:5    | Killed an orb of fire
 96041 | Zot:5    | Noticed an orb of fire
 96045 | Zot:5    | Lost mutation: Your mind is acute. (Int +4, Str/Dex -1) [an
                  | orb of fire]
 96048 | Zot:5    | Killed an orb of fire
 96388 | Zot:5    | Noticed a dread lich
 96394 | Zot:5    | Killed a dread lich
 97325 | Zot:5    | Got the Orb of Zot
 97621 | D:8      | Noticed Amalighi the pandemonium lord
 97687 | D:5      | Noticed Jugui the pandemonium lord
 97735 | D:1      | Reached skill level 26 in Stealth
 97743 | D:$      | Escaped with the Orb!

Illustrated notes

Levels and vault maps discovered:
D:1:      dpeg_arrival_pond, layout_basic, minivault_25
D:2:      minmay_evil_eye, layout_basic, uniq_jessica, uniq_crazy_yiuf_cottage
D:3:      layout_loops_ring, hangedman_decor_growths
D:4:      layout_gridville, guppyfry_early_lair_pool
D:5:      corexii_shantytown, layout_rooms, mainiacjoe_overflow_six_doors_small,
          nicolae_gozag_seed_capital, nicolae_overflow_crystal_walls
D:6:      layout_basic, uniq_maggie
D:7:      layout_basic, gammafunk_ghost_stat_death, nzn_random_ring, uniq_pikel,
          uniq_prince_ribbit1
D:8:      layout_basic, old_standard_altar, enter_ossuary_1, hex_intersection
D:9:      layout_loops_ring, kennysheep_okawaru_gauntlet, enter_bailey_3,
          st_stairs_7
D:10:     layout_stronghold, minmay_lair_entry_grove, orc_david_3, serial_shops,
          shop, shop, shop_statue, minmay_statues_item, lightli_elemental_guards
D:11:     layout_loops_cross, portal_ice_cave_rime, gauntlet_entry_generic,
          uniq_josephine
D:12:     lemuel_reptile_caves, layout_irregular_city
D:13:     layout_loops_cross, hellmonk_ghost_happy_afterlife, ice2_lemuel
D:14:     layout_loops_ring, erik_vaults_2, kennysheep_minor_cross,
          serial_shops, nicolae_shop_bloodbath_and_beyond, grunt_tough_drop,
          uniq_kirke, uniq_nessos, uniq_agnes
D:15:     gammafunk_enter_depths_forms, layout_long_grid, minmay_misc_feat_room
Temple:   sentei_temple_godly_chess
Lair:1:   layout_regular_city, gammafunk_ghost_split, grunt_megastairs_2
Lair:2:   layout_long_grid, shoals_dummy_entry
Lair:3:   layout_regular_city, nicolae_snake_entry_warm_welcome, minivault_19,
          pf_torpor_hydra
Lair:4:   cheibrodos_magma_flow, layout_gridlike, slime_entry_1, basic_altar,
          nicolae_lair_run_with_the_wolves
Lair:5:   evil_forest, layout_cellular_growth
Shoals:1: layout_shoals, nicolae_shoals_flooded_hall
Shoals:2: layout_shoals, nicolae_shoals_spring_well_temple
Shoals:3: layout_shoals, uniq_louise
Shoals:4: shoals_end_hellmonk_storm_palace [storm_palace_center_square,
          storm_palace_corner_narrow, storm_palace_corner_altar,
          storm_palace_corner_reverse_hut, storm_palace_corner_narrow]
Snake:1:  layout_concentric_octagons, serial_shops, shop, basic_altar,
          grunt_megastairs_5
Snake:2:  layout_rooms, serial_shops, nicolae_shop_advertising_works
          [nicolae_subvault_shop_adworks], uniq_vashnia
Snake:3:  layout_grid_shapes, gammafunk_ghost_grave, serial_shops,
          nicolae_shop_crystal, shop, nicolae_diamond_shop, grunt_megastairs_1
Snake:4:  grunt_snake_rune_spirals, layout_onion, nicolae_snake_naga_rites
Slime:1:  layout_caves
Slime:2:  layout_caves, uniq_dissolution
Slime:3:  layout_caves, nicolae_slime_barrier, nicolae_slime_crime_time
Slime:4:  layout_caves
Slime:5
Orc:1:    layout_caves, enter_volcano_4
Orc:2:    kennysheep_orc_mage_school, layout_diamond_mine,
          nicolae_orc_stony_grotto
Elf:1:    eino_elf_arrival_altar, layout_loops_cross, hangedman_elf_represent,
          due_unseen_surprise
Elf:2:    elven_hall_of_blades_hangedman_original
          [nicolae_blade_entry_antechamber], layout_geoelf_octagon,
          minmay_fountain_box, serial_nicolae_subway,
          nicolae_sub_station_crystal, nicolae_sub_station_metal,
          nicolae_sub_station_stone, uniq_azrael
Elf:3:    grunt_elf_hall_spiral, layout_geoelf_octagon
Vaults:1: vaults_room_stairs_pillars, nicolae_vaults_shelves_hall,
          vaults_mumra_hexcomb, hangedman_vaults_locks,
          hangedman_vaults_capsules, nicolae_vaults_theta,
          vaults_dpeg_emergency_exit, nicolae_vaults_gold_heap,
          layout_vaults_omnigrid
Vaults:2: v_rooms_2, v_misc_15, nicolae_vaults_network_s,
          nicolae_vaults_hallways_thing, ontoclasm_vaults_chip,
          grunt_vaults_hallway_long, v_misc_22, nicolae_vaults_border_crossing,
          hangedman_vaults_maws, nicolae_vaults_little_squares_3,
          layout_vaults_ring, serial_shops, nicolae_lakefront_shop, shop_statue
Vaults:3: lightli_enter_wizlab_magi_temple, ontoclasm_vaults_pinch, v_misc_2,
          ontoclasm_vaults_hangar, v_misc_25, nicolae_vaults_rhombus_5,
          nicolae_vaults_twisting_passages, nicolae_vaults_network_barrier,
          minmay_crypt_entry_nasty_monster, vaults_dpeg_hooks,
          hangedman_vaults_hat, nicolae_vaults_little_squares_3,
          hangedman_vaults_stagger, layout_vaults_omnibox, uniq_zenata
Vaults:4: gammafunk_ghost_tricky_traps, hangedman_vaults_corner,
          vaults_room_pools, hangedman_vaults_restitches, v_pattern_4,
          nicolae_vaults_little_squares_3, vaults_room_corners,
          vaults_mumra_hex, vaults_room_stairs_pillars, vaults_room_door_hall,
          vaults_room_hallway, v_misc_23, layout_vaults_maze_snakey, uniq_donald
Vaults:5
Crypt:1:  layout_rooms, basic_altar
Crypt:2:  cheibrodos_crypt_draghalla, layout_misc_corridors, nzn_ghost_randoct
Crypt:3:  david_glass_crypt, layout_misc_corridors,
          nicolae_tomb_entry_unfolded_pyramid_diagonal,
          nrook_guardian_serpent_ordinary
Depths:1: layout_cave_pools, lightli_too_deep, hangedman_abyss_or_decor_stagger,
          nicolae_dithmenos_through_a_glass_darkly, serial_bayou_shore_a
Depths:2: kennysheep_spiral_hall, layout_small_grid, grunt_pan_entry_sceptre,
          nicolae_kikubaaqudgha_miasma_corner, abyss_entry, hell_entry,
          infiniplex_staircase_zigzag_3, uniq_saint_roka
Depths:3: minmay_ornate_pinched, layout_basic, hell_entry, basic_altar,
          abyss_entry, uniq_margery, uniq_frederick, uniq_jory
Depths:4: evilmike_zot_entry_basic, layout_gridlike, enter_ziggurat_c,
          abyss_entry, gammafunk_ghost_cemetery, hell_entry, hex_intersection,
          minmay_shop_star
Hell
Zot:1:    layout_gridlike, grunt_megastairs_4, uniq_josephina
Zot:2:    cheibrodos_zot_enchanting_chambers, layout_onion_interference,
          grunt_megastairs_3
Zot:3:    layout_onion_interference, zot_minivault_5, lemuel_elevator
Zot:4:    layout_concentric_octagons
Zot:5:    layout_basic, lemuel_baited_zot_trap, st_stairs_4

Skill      XL: |  1  2  3  4  5  6  7  8  9 10 11 12 13 14 15 16 17 18 19 20 21 22 23 24 25 26 27 |
---------------+----------------------------------------------------------------------------------+-----
Conjurations   | 2 3 4 5 6 7 8 9 10 11 12 13 14 15 16 17 | 17.7
Spellcasting   | 5 6 7 8 9 10 11 12 13 14 15 16 17 18 19 21 | 21.1
Invocations    | 1 2 3 4 5 6 7 8 10 11 12 13 14 15 16 17 18 19 20 22 | 22.2
Fighting       | 1 2 3 5 6 7 8 9 10 11 12 13 14 15 16 17 18 20 | 20.6
Short Blades   | 1 2 3 5 6 7 8 9 10 11 12 13 14 15 16 17 18 22 | 22.2
Long Blades    | 1 2 3 5 6 7 8 9 10 11 12 13 14 15 16 17 18 19 23 | 23.2
Axes           | 1 2 3 5 6 7 8 9 10 11 12 13 14 15 16 17 18 20 | 20.6
Maces & Flails | 1 2 3 5 6 7 8 9 10 11 12 13 14 15 16 17 18 20 | 20.6
Polearms       | 1 2 3 5 6 7 8 9 10 11 12 13 14 15 16 17 18 20 | 20.6
Staves         | 1 2 3 5 6 7 8 9 10 11 12 13 14 15 16 17 18 20 | 20.6
Ranged Weapons | 1 2 3 5 6 7 8 9 10 11 12 13 14 15 16 17 18 20 | 20.6
Throwing       | 1 2 3 5 6 7 8 9 10 11 12 13 14 15 16 17 18 22 | 22.5
Armour         | 1 2 3 5 6 7 8 9 10 11 12 13 14 15 16 17 18 20 | 20.6
Shields        | 1 2 3 5 6 7 8 9 10 11 12 13 14 15 16 17 18 20 | 20.6
Unarmed Combat | 1 2 3 5 6 7 8 9 10 11 12 13 14 15 16 17 18 20 | 20.6
Evocations     | 1 2 3 5 6 7 8 9 10 11 12 13 14 15 16 17 18 22 | 22.5
Hexes          | 1 2 3 4 5 6 7 8 9 10 11 12 13 14 15 17 | 17.6
Summonings     | 1 2 3 4 5 6 7 8 9 10 11 12 13 14 15 17 | 17.6
Necromancy     | 1 2 3 4 5 6 7 8 9 10 11 12 13 14 15 17 | 17.6
Translocations | 1 2 3 4 5 6 7 8 9 10 11 12 13 14 15 17 | 17.6
Transmutations | 1 2 3 4 5 6 7 8 9 10 11 12 13 14 15 17 | 17.6
Fire Magic     | 1 2 3 4 5 6 7 8 9 10 11 12 13 14 15 17 | 17.6
Ice Magic      | 1 2 3 4 5 6 7 8 9 10 11 13 14 15 16 17 18 19 20 22 | 22.7
Earth Magic    | 1 2 3 4 5 6 7 8 9 10 11 12 13 14 15 17 | 17.6
Poison Magic   | 1 2 3 4 5 6 7 8 9 10 11 12 13 14 15 17 | 17.6
Dodging        | 5 6 7 8 9 10 11 12 13 14 15 16 17 18 19 21 | 21.0
Stealth        | 5 6 7 8 9 10 11 12 13 14 15 16 17 18 20 21 22 23 26 | 26.0
Air Magic      | 6 7 8 9 10 11 12 13 14 15 16 18 | 18.3

Action                   |  1- 3 |  4- 6 |  7- 9 | 10-12 | 13-15 | 16-18 | 19-21 | 22-24 | 25-27 || total
-------------------------+-------+-------+-------+-------+-------+-------+-------+-------+-------++-------
Melee: Unarmed           |     1 |       |       |       |       |       |    47 |       |       ||    48
       Dagger            |    10 |     3 |       |     2 |       |       |       |       |       ||    15
       Bite              |     1 |     1 |    10 |    31 |    57 |    85 |   150 |    79 |    98 ||   512
       Short sword       |       |    12 |    84 |    58 |       |       |       |       |       ||   154
       Punch             |       |       |     2 |       |       |       |       |       |       ||     2
       Scimitar          |       |       |       |    17 |     4 |       |       |       |       ||    21
       Rapier            |       |       |       |    65 |   272 |       |     5 |       |       ||   342
       Trident           |       |       |       |       |   123 |   770 |   938 |   200 |       ||  2031
       Staff             |       |       |       |       |     4 |       |   114 |   133 |   221 ||   472
       Morningstar       |       |       |       |       |       |       |       |    48 |   191 ||   239
Throw: Dart              |       |       |     3 |     5 |     3 |    10 |       |     1 |       ||    22
       Throwing net      |       |       |       |       |     1 |       |       |       |       ||     1
       Javelin           |       |       |       |       |       |       |     4 |     4 |    45 ||    53
 Cast: Shock             |    71 |   113 |   134 |   287 |   209 |   386 |   339 |       |       ||  1539
       Static Discharge  |     2 |    16 |    25 |    25 |    11 |       |     9 |       |       ||    88
       Airstrike         |       |     1 |    10 |    77 |   191 |    43 |    51 |     1 |    24 ||   398
       Olgreb's Toxic Ra |       |       |       |    19 |    76 |    30 |    31 |    61 |     7 ||   224
       Wereblood         |       |       |       |     2 |       |       |       |       |       ||     2
       Animate Armour    |       |       |       |       |    61 |    74 |    50 |       |       ||   185
       Necrotise         |       |       |       |       |     5 |       |       |       |       ||     5
       Stone Arrow       |       |       |       |       |    44 |    25 |    33 |       |       ||   102
       Tukima's Dance    |       |       |       |       |    17 |   108 |    84 |    11 |       ||   220
       Freezing Cloud    |       |       |       |       |       |    52 |    49 |    54 |    14 ||   169
       Yara's Violent Un |       |       |       |       |       |     2 |    22 |    19 |     7 ||    50
       Blink             |       |       |       |       |       |     1 |     1 |     2 |       ||     4
       Iron Shot         |       |       |       |       |       |       |    23 |   441 |   474 ||   938
       Statue Form       |       |       |       |       |       |       |    12 |    96 |   102 ||   210
       Dispel Undead     |       |       |       |       |       |       |     9 |    90 |    51 ||   150
       Borgnjor's Vile C |       |       |       |       |       |       |     7 |    59 |    78 ||   144
       Polar Vortex      |       |       |       |       |       |       |       |       |    34 ||    34
       Ignition          |       |       |       |       |       |       |       |       |    37 ||    37
Invok: Bend Time         |       |       |     1 |       |       |       |       |       |       ||     1
       Slouch            |       |       |       |       |     5 |     2 |     5 |       |     6 ||    18
 Abil: End Transformatio |       |       |       |       |       |       |       |       |     3 ||     3
Evoke: Wand              |       |       |       |    26 |    13 |     6 |    44 |     1 |    13 ||   103
       Condenser vane    |       |       |       |       |       |     2 |     2 |     1 |     3 ||     8
       Box of beasts     |       |       |       |       |       |       |     2 |     1 |     1 ||     4
       Tin of tremorston |       |       |       |       |       |       |     2 |     8 |     6 ||    16
       Lightning rod     |       |       |       |       |       |       |       |     4 |    10 ||    14
       Horn of Geryon    |       |       |       |       |       |       |       |       |     3 ||     3
  Use: Scroll            |       |     9 |     4 |    15 |     6 |     5 |     8 |     3 |    19 ||    69
       Potion            |       |       |       |     3 |     3 |       |     4 |       |     5 ||    15
 Stab: Sleeping          |       |       |     1 |     1 |     5 |     4 |    15 |       |     1 ||    27
       Distracted        |       |       |       |       |     5 |    10 |    14 |     3 |     6 ||    38
       Petrifying        |       |       |       |       |     1 |       |       |       |       ||     1
       Held in net/web   |       |       |       |       |     1 |       |       |       |       ||     1
Armor: Robe              |     4 |     5 |    26 |    12 |       |       |       |     1 |    19 ||    67
       Acid dragon scale |       |       |       |    40 |       |       |       |       |       ||    40
       Skin              |       |       |       |     6 |       |       |    39 |   180 |   269 ||   494
       Swamp dragon scal |       |       |       |    16 |   123 |    97 |   129 |       |       ||   365
Dodge: Dodged            |    10 |    21 |    76 |   197 |   408 |   264 |   483 |   652 |   901 ||  3012
Block: Buckler           |       |       |     9 |   112 |   319 |   502 |   820 |   868 |   444 ||  3074
       Reflection        |       |       |       |     1 |    46 |   123 |   133 |   122 |   108 ||   533
       Kite shield       |       |       |       |       |       |       |       |       |   491 ||   491

Table legend: (Time is in decaauts)
 A = Elapsed time spent in this place.
 B = Non-inter-level travel time spent in this place.
 C = Inter-level travel time spent in this place.
 D = Time resting spent in this place.
 E = Time spent auto-exploring this place.
 F = Levels seen in this place.
 G = Mean time per level.
                   A        B        C        D        E       F      G
               +--------+--------+--------+--------+--------+-----+--------+
         Total | 147127 | 122485 |  24642 |  28649 |  69844 |  66 | 2229.2 |
       Dungeon |  34058 |  27481 |   6577 |   4933 |  18746 |  15 | 2270.5 |
        Temple |     13 |      7 |      6 |      0 |      2 |   1 |   13.0 |
          Lair |  16512 |  12569 |   3943 |   3571 |   7338 |   5 | 3302.4 |
        Shoals |   8915 |   8057 |    858 |    884 |   5321 |   4 | 2228.8 |
     Snake Pit |  12540 |  10162 |   2378 |   2564 |   5462 |   4 | 3135.0 |
    Slime Pits |   1990 |   1837 |    153 |    653 |    143 |   5 |  398.0 |
  Orcish Mines |   5432 |   3751 |   1681 |    962 |   2332 |   2 | 2716.0 |
   Elven Halls |   7741 |   6699 |   1042 |   1526 |   3265 |   3 | 2580.3 |
        Vaults |  18362 |  15281 |   3081 |   2738 |  10042 |   5 | 3672.4 |
         Crypt |   8854 |   7639 |   1215 |   2157 |   3815 |   3 | 2951.3 |
        Depths |   9509 |   8373 |   1136 |   1557 |   5440 |   4 | 2377.2 |
          Hell |    630 |    599 |     31 |     69 |    412 |   1 |  630.0 |
           Zot |  15565 |  13026 |   2539 |   3717 |   6357 |   5 | 3113.0 |
         Abyss |   2540 |   2540 |      0 |   1662 |      0 |   3 |  846.7 |
       Ossuary |    884 |    884 |      0 |    243 |    368 |   1 |  884.0 |
        Bailey |    801 |    801 |      0 |    404 |    152 |   1 |  801.0 |
      Ice Cave |    281 |    281 |      0 |    107 |     22 |   1 |  281.0 |
       Volcano |    311 |    311 |      0 |    202 |      0 |   1 |  311.0 |
        Wizlab |   1942 |   1942 |      0 |    697 |    624 |   1 | 1942.0 |
      Gauntlet |    237 |    237 |      0 |      0 |      0 |   1 |  237.0 |
               +--------+--------+--------+--------+--------+-----+--------+

Top non-repeatable levels by time:
 Snake:4: 4835 daAuts
   Zot:5: 4614 daAuts
Vaults:3: 4278 daAuts
    D:10: 4229 daAuts
   Orc:2: 4223 daAuts
  Lair:5: 4020 daAuts
Vaults:4: 3926 daAuts
Vaults:1: 3744 daAuts
   Zot:4: 3643 daAuts
     D:7: 3623 daAuts
 Crypt:3: 3615 daAuts
Vaults:2: 3593 daAuts
 Snake:1: 3529 daAuts
    D:14: 3302 daAuts
  Lair:2: 3230 daAuts

Table legend:
 A = Kills in this place as a percentage of kills in entire the game.
 B = Kills by you in this place as a percentage of kills by you in the entire game.
 C = Kills by friends in this place as a percentage of kills by friends in the entire game.
 D = Other kills in this place as a percentage of other kills in the entire game.
 E = Experience gained in this place as a percentage of experience gained in the entire game.
 F = Experience gained in this place divided by the number of levels of this place that you have seen.
                   A       B       C       D       E      F
               +-------+-------+-------+-------+-------+----------------------
         Total | 100.0 | 100.0 | 100.0 | 100.0 | 100.0 | 26680.1
       Dungeon |  18.5 |  17.9 |  28.3 |   0.0 |   5.9 | 6935.0
          Lair |   6.8 |   6.1 |  16.8 |   0.0 |   4.2 | 14633.4
        Shoals |   6.0 |   5.5 |  11.5 |  18.2 |   4.4 | 19584.8
     Snake Pit |   8.1 |   7.2 |  17.8 |  45.5 |   7.6 | 33467.8
    Slime Pits |   4.0 |   4.4 |   0.0 |   0.0 |   4.7 | 16564.8
  Orcish Mines |   2.8 |   2.6 |   5.2 |   0.0 |   0.7 | 5950.0
   Elven Halls |   6.6 |   6.1 |  12.0 |  18.2 |   7.2 | 42267.0
        Vaults |  13.4 |  14.5 |   0.0 |   0.0 |  17.9 | 62939.6
         Crypt |   5.8 |   6.2 |   1.0 |   0.0 |   7.1 | 41701.3
        Depths |   6.7 |   7.2 |   0.0 |   0.0 |   9.9 | 43612.0
          Hell |   2.6 |   2.8 |   0.0 |   0.0 |   3.3 | 58322.0
           Zot |  10.3 |  10.9 |   2.1 |  18.2 |  22.3 | 78480.4
         Abyss |   3.8 |   3.8 |   3.1 |   0.0 |   2.8 | 16297.3
       Ossuary |   2.0 |   2.1 |   0.0 |   0.0 |   0.0 |  86.0
        Bailey |   0.5 |   0.5 |   0.0 |   0.0 |   0.2 | 3074.0
      Ice Cave |   0.3 |   0.2 |   1.0 |   0.0 |   0.1 | 2135.0
       Volcano |   0.2 |   0.2 |   0.0 |   0.0 |   0.1 | 1775.0
        Wizlab |   1.3 |   1.3 |   0.0 |   0.0 |   1.4 | 24693.0
      Gauntlet |   0.4 |   0.4 |   1.0 |   0.0 |   0.2 | 4333.0
               +-------+-------+-------+-------+-------+----------------------
